[Event "Czech Youth U14 Girls 2024"]
[Site "Kouty nad Desnou"]
[Date "2024.03.15"]
[Round "8.12"]
[White "Vaclavkova, Klara"]
[Black "Kavanova, Valentyna"]
[Result "0-1"]
[ECO "E81"]
[WhiteElo "1486"]
[BlackElo "1539"]
[Annotator "NA COMBH"]
[PlyCount "36"]
[EventDate "2024.03.10"]
[EventType "swiss"]
[EventCountry "CZE"]
[SourceTitle "playchess.com"]
[Source "ChessBase"]
[SourceQuality "1"]
[TimeControl "40/5400+30:1800+30"]

1. d4 Nf6 2. c4 g6 3. Nc3 Bg7 4. e4 d6 5. f3 O-O 6. Be3 Nbd7 7. Nge2 c5 8. d5 Ne5 9. Nc1 e6 10. Nd3 Nxc4 11. Qe2 exd5 12. exd5 Nxe3 13. Qxe3 Re8 14. Ne4 Bf5 15. Ndf2 Qa5+ 16. Kd1 Nxd5 17. Qb3 Nb4 18. a3 Be6 0-1

[Event "Czech Youth U14 Girls 2024"]
[Site "Kouty nad Desnou"]
[Date "2024.03.15"]
[Round "8.13"]
[White "Pruskova, Justyna"]
[Black "Peskova, Sara"]
[Result "0-1"]
[ECO "C49"]
[WhiteElo "1471"]
[BlackElo "1481"]
[Annotator "NA COMBH"]
[PlyCount "158"]
[EventDate "2024.03.10"]
[EventType "swiss"]
[EventCountry "CZE"]
[SourceTitle "playchess.com"]
[Source "ChessBase"]
[SourceQuality "1"]
[TimeControl "40/5400+30:1800+30"]

1. e4 e5 2. Nf3 Nc6 3. Nc3 Nf6 4. Bb5 Bb4 5. O-O d6 6. d3 a6 7. Bxc6+ bxc6 8. Bg5 Bg4 9. Re1 O-O 10. h3 Bh5 11. Qe2 Re8 12. Qe3 Bc5 13. d4 exd4 14. Nxd4 Rb8 15. Qd3 Bxd4 16. Qxd4 Rxb2 17. Bxf6 Qxf6 18. Qd3 Bg6 19. f3 h6 20. Na4 Rb4 21. Nc3 d5 22. Re3 d4 23. Re2 dxc3 24. Rae1 Qd4+ 25. Qe3 Qxe3+ 26. Rxe3 Rc4 27. Rb1 Re5 28. Rb7 Ra5 29. Rxc7 Rxa2 30. Rc8+ Kh7 31. Ra8 a5 32. Re2 a4 33. Ra5 Rb4 34. Rc5 a3 35. Ra5 Ra1+ 36. Kh2 a2 37. Re3 Rb2 38. Rxc3 Rc1 39. Rca3 Rcxc2 40. Kg3 Rxg2+ 41. Kf4 f6 42. Ra7 Rh2 43. Kg3 Rbg2+ 44. Kf4 Rxh3 45. Rxa2 Rxa2 46. Rxa2 Rh1 47. Rc2 Be8 48. Kf5 Rf1 49. Rc3 Bd7+ 50. Kf4 Rg1 51. Ke3 h5 52. Kd4 h4 53. f4 Rg3 54. Rc2 Rf3 55. f5 Rf4 56. Ke3 Rg4 57. Rh2 Kh6 58. Kf3 Kg5 59. Ke3 Rg3+ 60. Kf2 Kg4 61. Ke2 h3 62. Rh1 Rg2+ 63. Ke3 Kg3 64. Rd1 Be8 65. Rf1 h2 66. Rf3+ Kh4 67. Rf4+ Kg5 68. Rf1 Rg1 69. Rf3 h1=Q 70. Ke2 Re1+ 71. Kf2 Rf1+ 72. Ke3 Qxf3+ 73. Kd4 Rd1+ 74. Kc5 Qxe4 75. Kb6 Qb4+ 76. Kc7 Qa5+ 77. Kb7 Rb1+ 78. Kc8 Qa7 79. Kd8 Rb8# 0-1

[Event "Czech Youth U14 Girls 2024"]
[Site "Kouty nad Desnou"]
[Date "2024.03.16"]
[Round "9.1"]
[White "Kammova, Katerina"]
[Black "Kozusnikova, Daniela"]
[Result "1-0"]
[ECO "C00"]
[WhiteElo "1781"]
[BlackElo "1809"]
[Annotator "NA RC"]
[PlyCount "83"]
[EventDate "2024.03.10"]
[EventType "swiss"]
[EventCountry "CZE"]
[SourceTitle "playchess.com"]
[Source "ChessBase"]
[SourceQuality "1"]
[TimeControl "40/5400+30:1800+30"]

1. e4 e6 2. d4 b6 3. Bd3 Bb7 4. c4 Bb4+ 5. Bd2 Bxd2+ 6. Nxd2 d5 7. cxd5 exd5 8. e5 Ne7 9. Ngf3 Nd7 10. O-O h6 11. b4 c6 12. Nh4 O-O 13. f4 c5 14. Qg4 cxd4 15. Nf5 Nxf5 16. Bxf5 Bc8 17. Rac1 Re8 18. Rxc8 Rxc8 19. Bxd7 h5 20. Qh3 Rc3 21. Nf3 Re7 22. e6 h4 23. exf7+ Kxf7 24. Qf5+ Kg8 25. Be6+ Rxe6 26. Qxe6+ Kh8 27. Ng5 Qc8 28. Qg6 Kg8 29. Qh7+ Kf8 30. Qh8+ Ke7 31. Qxg7+ Kd6 32. Qe5+ Kc6 33. Qxd4 Rc4 34. b5+ Kxb5 35. Qxd5+ Ka6 36. Rd1 Rc1 37. Qd3+ Kb7 38. Qf3+ Kb8 39. Rxc1 Qxc1+ 40. Qf1 Qc5+ 41. Kh1 Qf5 42. Nh3 1-0

[Event "Czech Youth U14 Girls 2024"]
[Site "Kouty nad Desnou"]
[Date "2024.03.16"]
[Round "9.2"]
[White "Kubatova, Beta"]
[Black "Slivova, Linda"]
[Result "1/2-1/2"]
[ECO "D31"]
[WhiteElo "1666"]
[BlackElo "1824"]
[Annotator "NA RC"]
[PlyCount "96"]
[EventDate "2024.03.10"]
[EventType "swiss"]
[EventCountry "CZE"]
[SourceTitle "playchess.com"]
[Source "ChessBase"]
[SourceQuality "1"]
[TimeControl "40/5400+30:1800+30"]

1. d4 d5 2. c4 c6 3. Nc3 e6 4. Nf3 f5 5. Bg5 Nf6 6. e3 Bd6 7. Be2 O-O 8. O-O Qe8 9. Qc2 Ne4 10. Nxe4 fxe4 11. Ne5 Bxe5 12. dxe5 b6 13. Rac1 Bb7 14. b4 Nd7 15. Bf4 c5 16. bxc5 Nxc5 17. cxd5 exd5 18. Rfd1 Qe7 19. Bg3 Rac8 20. Qd2 Nd7 21. Qb2 Rxc1 22. Rxc1 Nc5 23. Qd4 Re8 24. f4 exf3 25. Bxf3 Ne4 26. Bxe4 dxe4 27. Qc4+ Kh8 28. Qc7 h6 29. Qd6 Qxd6 30. exd6 Rc8 31. Rd1 Bc6 32. Rc1 Bd7 33. Rc7 Rxc7 34. dxc7 Kg8 35. Kf1 Kf7 36. Ke2 Ke6 37. Kd2 Kd5 38. Kc3 Kc5 39. Be5 g6 40. h4 h5 41. a3 Be6 42. g3 Bd7 43. Bf6 a6 44. a4 Be6 45. Be7+ Kd5 46. Kb4 Kc6 47. Bd8 Kd5 48. Bf6 Kc6 1/2-1/2

[Event "Czech Youth U14 Girls 2024"]
[Site "Kouty nad Desnou"]
[Date "2024.03.16"]
[Round "9.3"]
[White "Horkova, Tereza"]
[Black "Barteckova, Nikol"]
[Result "0-1"]
[ECO "C02"]
[WhiteElo "1845"]
[BlackElo "1612"]
[Annotator "NA RC"]
[PlyCount "94"]
[EventDate "2024.03.10"]
[EventType "swiss"]
[EventCountry "CZE"]
[SourceTitle "playchess.com"]
[Source "ChessBase"]
[SourceQuality "1"]
[TimeControl "40/5400+30:1800+30"]

1. e4 e6 2. d4 d5 3. e5 c5 4. c3 Nc6 5. Nf3 Bd7 6. Be2 Qb6 7. O-O cxd4 8. cxd4 Nge7 9. Na3 Nf5 10. Nc2 Be7 11. g3 O-O 12. h4 Rac8 13. b3 Rc7 14. Bb2 Rfc8 15. Rc1 a6 16. Kg2 Na7 17. Ne3 Nxe3+ 18. fxe3 Rxc1 19. Bxc1 Qc7 20. Qe1 Qc2 21. Qf2 Be8 22. Ng5 Bxg5 23. hxg5 Qg6 24. Ba3 Bb5 25. Rc1 Rxc1 26. Bxc1 Bxe2 27. Qxe2 Qxg5 28. Qc2 Nc6 29. Qc5 Qh5 30. Ba3 h6 31. Qc2 Qg5 32. Qc3 h5 33. Kf3 Qf5+ 34. Kg2 h4 35. gxh4 Qg4+ 36. Kf1 Qxh4 37. Qc5 Qh3+ 38. Ke2 Qg2+ 39. Ke1 Qf3 40. Qc3 Qh1+ 41. Kf2 Qh2+ 42. Ke1 Qxa2 43. Qc5 Qxb3 44. Qf8+ Kh7 45. Qxf7 Qxe3+ 46. Kf1 Qh3+ 47. Kg1 Nxd4 0-1

[Event "Czech Youth U14 Girls 2024"]
[Site "Kouty nad Desnou"]
[Date "2024.03.16"]
[Round "9.4"]
[White "Bartova, Hana"]
[Black "Bouchalova, Kveta"]
[Result "1-0"]
[ECO "C55"]
[WhiteElo "1667"]
[BlackElo "1627"]
[Annotator "NA RC"]
[PlyCount "115"]
[EventDate "2024.03.10"]
[EventType "swiss"]
[EventCountry "CZE"]
[SourceTitle "playchess.com"]
[Source "ChessBase"]
[SourceQuality "1"]
[TimeControl "40/5400+30:1800+30"]

1. e4 e5 2. Nf3 Nc6 3. Bc4 Nf6 4. d4 exd4 5. e5 Ne4 6. Qe2 Nc5 7. c3 Ne6 8. O-O Be7 9. Rd1 dxc3 10. Nxc3 O-O 11. Be3 Qe8 12. Rd2 d6 13. exd6 Bxd6 14. Nb5 Na5 15. Nxd6 cxd6 16. Bb5 Bd7 17. Bxd7 Qxd7 18. Rad1 Qc7 19. Rxd6 Nc4 20. Rd7 Qc6 21. b3 Nxe3 22. Qxe3 Qc2 23. Ne5 Rad8 24. Rc1 Qxa2 25. Rxb7 Rb8 26. Rxb8 Rxb8 27. Qf3 Rf8 28. Qe3 h6 29. g3 Rb8 30. Qf3 Rf8 31. Qc3 Rb8 32. Qd3 Qxb3 33. Rc8+ Nf8 34. Qxb3 Rxb3 35. Nd7 g6 36. Rxf8+ Kg7 37. Ra8 a5 38. Rxa5 h5 39. h4 Rd3 40. Ne5 Rd6 41. Ra7 Rf6 42. f4 Rf5 43. Kf2 Rf6 44. Kf3 Rf5 45. Ke4 Rf6 46. Kd5 Kg8 47. Nc4 Re6 48. Ne5 Rf6 49. Nxf7 Rxf7 50. Rxf7 Kxf7 51. Ke5 Kg7 52. Ke6 Kh6 53. Kf6 Kh7 54. Kg5 Kg7 55. f5 gxf5 56. Kxf5 Kh6 57. Kf6 Kh7 58. Kg5 1-0

[Event "Czech Youth U14 Girls 2024"]
[Site "Kouty nad Desnou"]
[Date "2024.03.16"]
[Round "9.5"]
[White "Kubatova, Ema"]
[Black "Nova, Doubravka Anezka"]
[Result "0-1"]
[ECO "A56"]
[WhiteElo "1580"]
[BlackElo "1718"]
[Annotator "NA"]
[PlyCount "89"]
[EventDate "2024.03.10"]
[EventType "swiss"]
[EventCountry "CZE"]
[SourceTitle "playchess.com"]
[Source "ChessBase"]
[SourceQuality "1"]
[TimeControl "40/5400+30:1800+30"]

1. d4 Nf6 2. c4 c5 3. Nf3 cxd4 4. Nxd4 e5 5. Nf3 e4 6. Nd4 d5 7. cxd5 Qxd5 8. e3 Bb4+ 9. Bd2 Bxd2+ 10. Qxd2 O-O 11. Nc3 Qe5 12. Nce2 Rd8 13. Qc2 Bd7 14. Ng3 Nc6 15. Nxc6 Bxc6 16. Be2 Qa5+ 17. Qc3 Qxc3+ 18. bxc3 Rac8 19. c4 b6 20. O-O Rd2 21. Rfd1 Rcd8 22. Nf5 Kf8 23. Nd4 R8xd4 24. exd4 Rxe2 25. d5 Bb7 26. Kf1 Rc2 27. Rdc1 Rxc1+ 28. Rxc1 Ba6 29. Ke1 Ke7 30. h3 Kd6 31. Kd2 Kc5 32. Ke3 Bxc4 33. d6 b5 34. d7 Nxd7 35. Kxe4 Kb4 36. Ke3 Ka3 37. Rd1 Nf6 38. Rd6 a5 39. Ra6 a4 40. f3 Kxa2 41. Kd2 Kb2 42. Ra7 a3 43. Rxa3 Kxa3 44. Kc3 Bf1 45. Kd4 0-1

[Event "Czech Youth U14 Girls 2024"]
[Site "Kouty nad Desnou"]
[Date "2024.03.16"]
[Round "9.6"]
[White "Mojzisova, Barbora"]
[Black "Hladka, Leontyna"]
[Result "0-1"]
[ECO "B84"]
[WhiteElo "1623"]
[BlackElo "1683"]
[Annotator "NA RC"]
[PlyCount "104"]
[EventDate "2024.03.10"]
[EventType "swiss"]
[EventCountry "CZE"]
[SourceTitle "playchess.com"]
[Source "ChessBase"]
[SourceQuality "1"]
[TimeControl "40/5400+30:1800+30"]

1. e4 c5 2. Nf3 d6 3. d4 cxd4 4. Nxd4 Nf6 5. Nc3 a6 6. Be2 e6 7. O-O Be7 8. Be3 b5 9. Bf3 e5 10. Nb3 O-O 11. Nd5 Nbd7 12. Qd2 Nxd5 13. exd5 Bb7 14. Na5 Qc7 15. Rfc1 Nb6 16. Nc6 Nc4 17. Qc3 f5 18. Nxe7+ Qxe7 19. Rd1 Rac8 20. Qb3 Kh8 21. Kh1 f4 22. Bc1 e4 23. Bg4 Rc5 24. Be6 Qh4 25. Kg1 Qh5 26. Bd2 Bxd5 27. Bb4 Bxe6 28. Bxc5 dxc5 29. Qc3 f3 30. gxf3 exf3 31. Kh1 Bh3 32. Rg1 Bg2+ 33. Rxg2 fxg2+ 34. Kxg2 Qg4+ 35. Kf1 Qf4 36. Qg3 Qxg3 37. hxg3 Nxb2 38. Rb1 Nc4 39. Re1 h6 40. Kg2 Na3 41. Re2 c4 42. c3 Rb8 43. Rb2 a5 44. Kf1 b4 45. cxb4 axb4 46. Ke2 b3 47. axb3 Rxb3 48. Ra2 c3 49. Kd3 c2+ 50. Kd2 Rb1 51. Rxc2 Nxc2 52. Kxc2 Rf1 0-1

[Event "Czech Youth U14 Girls 2024"]
[Site "Kouty nad Desnou"]
[Date "2024.03.16"]
[Round "9.7"]
[White "Strazhnyk, Viktoriia"]
[Black "Martinkovicova, Nela"]
[Result "1-0"]
[ECO "C44"]
[WhiteElo "1570"]
[BlackElo "1476"]
[Annotator "NA"]
[PlyCount "53"]
[EventDate "2024.03.10"]
[EventType "swiss"]
[EventCountry "CZE"]
[SourceTitle "playchess.com"]
[Source "ChessBase"]
[SourceQuality "1"]
[TimeControl "40/5400+30:1800+30"]

1. e4 e5 2. d4 exd4 3. Bc4 Nc6 4. Nf3 Bd6 5. Nxd4 Nf6 6. O-O O-O 7. Nc3 Re8 8. Re1 Bb4 9. Nxc6 bxc6 10. e5 Bxc3 11. bxc3 Nd5 12. Bxd5 cxd5 13. Qxd5 Rb8 14. Bf4 Rb2 15. Qd3 Bb7 16. Qg3 Rxc2 17. Bg5 Qc8 18. Bc1 Ba6 19. Bh6 g6 20. Qf4 Re6 21. Qd4 c5 22. Qe3 Qc6 23. Qg5 Qc8 24. f4 Rxc3 25. f5 Rc6 26. e6 dxe6 27. Qf6 1-0

[Event "Czech Youth U14 Girls 2024"]
[Site "Kouty nad Desnou"]
[Date "2024.03.16"]
[Round "9.8"]
[White "Sochorova, Valentyna"]
[Black "Nguyen Nhat, Minh Thu"]
[Result "1-0"]
[ECO "C92"]
[WhiteElo "1485"]
[BlackElo "1563"]
[Annotator "NA"]
[PlyCount "73"]
[EventDate "2024.03.10"]
[EventType "swiss"]
[EventCountry "CZE"]
[SourceTitle "playchess.com"]
[Source "ChessBase"]
[SourceQuality "1"]
[TimeControl "40/5400+30:1800+30"]

1. e4 e5 2. Nf3 Nc6 3. Bb5 a6 4. Ba4 b5 5. Bb3 d6 6. h3 Be7 7. O-O Nf6 8. Re1 Bb7 9. c3 O-O 10. d4 exd4 11. cxd4 Na5 12. Bc2 c5 13. d5 Nc4 14. b3 Ne5 15. Nxe5 dxe5 16. Bb2 Bd6 17. Nd2 Nd7 18. Nf1 Qf6 19. Ng3 Rfd8 20. Re3 Nf8 21. Nf5 Ng6 22. Rg3 Bc8 23. Bc1 h6 24. Rf3 Nh4 25. Nxh6+ Qxh6 26. Bxh6 Nxf3+ 27. Qxf3 gxh6 28. Qg3+ Kh7 29. Qh4 Rg8 30. Rf1 Rg6 31. f4 Bd7 32. fxe5 Bxe5 33. Rxf7+ Rg7 34. Qe7 Bd4+ 35. Kh1 Be8 36. e5+ Kh8 37. Rf8+ 1-0

[Event "Czech Youth U14 Girls 2024"]
[Site "Kouty nad Desnou"]
[Date "2024.03.16"]
[Round "9.9"]
[White "Kavanova, Valentyna"]
[Black "Spetlova, Stella"]
[Result "1/2-1/2"]
[ECO "B13"]
[WhiteElo "1539"]
[BlackElo "1405"]
[Annotator "NA RC"]
[PlyCount "62"]
[EventDate "2024.03.10"]
[EventType "swiss"]
[EventCountry "CZE"]
[SourceTitle "playchess.com"]
[Source "ChessBase"]
[SourceQuality "1"]
[TimeControl "40/5400+30:1800+30"]

1. e4 c6 2. d4 d5 3. exd5 cxd5 4. Bd3 Nc6 5. c3 Nf6 6. Bf4 Bg4 7. Nf3 e6 8. Nbd2 Bd6 9. Bxd6 Qxd6 10. O-O O-O 11. Re1 Rac8 12. Qc2 Nb4 13. Qb1 Nxd3 14. Qxd3 Rfd8 15. Ne5 Bf5 16. Qg3 Nd7 17. Re3 Nxe5 18. dxe5 Qb6 19. b4 d4 20. Rf3 Qc6 21. Rc1 Qd5 22. c4 Qc6 23. Qg5 h6 24. Qh4 Qa4 25. Rg3 Qxb4 26. Qxh6 Bg6 27. Qg5 Qb2 28. Rb1 Qxa2 29. Rxb7 Rb8 30. Rxb8 Rxb8 31. h3 Qc2 1/2-1/2

[Event "Czech Youth U14 Girls 2024"]
[Site "Kouty nad Desnou"]
[Date "2024.03.16"]
[Round "9.10"]
[White "Peskova, Sara"]
[Black "Barteckova, Valerie"]
[Result "0-1"]
[ECO "B18"]
[WhiteElo "1481"]
[BlackElo "1687"]
[Annotator "NA RC"]
[PlyCount "102"]
[EventDate "2024.03.10"]
[EventType "swiss"]
[EventCountry "CZE"]
[SourceTitle "playchess.com"]
[Source "ChessBase"]
[SourceQuality "1"]
[TimeControl "40/5400+30:1800+30"]

1. e4 c6 2. d4 d5 3. Nc3 dxe4 4. Nxe4 Bf5 5. Ng3 Bg6 6. Nh3 e6 7. Nf4 Bd6 8. h4 Qc7 9. h5 Bxc2 10. Nxe6 fxe6 11. Qxc2 Bxg3 12. fxg3 Qxg3+ 13. Qf2 Qxf2+ 14. Kxf2 Nf6 15. Bc4 Nd5 16. h6 g6 17. Re1 Rf8+ 18. Kg3 Kd7 19. Bd2 b5 20. Bb3 Na6 21. Re5 Nac7 22. Rae1 Rae8 23. Ba5 Rf6 24. Rc1 Ne7 25. Bxc7 Kxc7 26. Bxe6 Rxe6 27. Rxb5 Nf5+ 28. Kh2 Nxd4 29. Rb4 Nf5 30. Rc3 Rb8 31. Rxb8 Kxb8 32. g4 Nxh6 33. g5 Nf5 34. Kh3 Re3+ 35. Rxe3 Nxe3 36. Kg3 Nd5 37. Kf3 Kc7 38. Ke4 Kd6 39. a3 c5 40. Kd3 Nb6 41. b3 Ke5 42. Ke3 Kf5 43. Kf3 Kxg5 44. Kg3 h5 45. Kf3 h4 46. Kg2 Kf4 47. Kh2 g5 48. Kg2 g4 49. Kh2 g3+ 50. Kg2 h3+ 51. Kxh3 Kf3 0-1

[Event "Czech Youth U14 Girls 2024"]
[Site "Kouty nad Desnou"]
[Date "2024.03.16"]
[Round "9.11"]
[White "Kratka, Tereza"]
[Black "Krisicova, Neli"]
[Result "0-1"]
[ECO "A20"]
[WhiteElo "1477"]
[BlackElo "1556"]
[Annotator "NA RC"]
[PlyCount "64"]
[EventDate "2024.03.10"]
[EventType "swiss"]
[EventCountry "CZE"]
[SourceTitle "playchess.com"]
[Source "ChessBase"]
[SourceQuality "1"]
[TimeControl "40/5400+30:1800+30"]

1. c4 e5 2. d3 Nc6 3. Nc3 Bc5 4. g3 d6 5. Bg2 a6 6. Nf3 Nge7 7. a3 Ba7 8. O-O O-O 9. Bd2 f5 10. Bg5 h6 11. Bxe7 Qxe7 12. Nd5 Qf7 13. Qd2 Nd4 14. Nxd4 Bxd4 15. e3 Ba7 16. f4 c6 17. Nc3 Be6 18. fxe5 dxe5 19. Kh1 Rad8 20. Qe2 Qg6 21. Rad1 Qg5 22. Rfe1 Rfe8 23. Bh3 Bf7 24. Qf3 Bh5 25. Qxf5 Qxf5 26. Bxf5 Bxd1 27. Nxd1 Rf8 28. Be4 Rf6 29. b4 Rdf8 30. Kg2 Kf7 31. Nb2 Ke7 32. c5 Rf2+ 0-1

[Event "Czech Youth U14 Girls 2024"]
[Site "Kouty nad Desnou"]
[Date "2024.03.16"]
[Round "9.12"]
[White "Archlebova, Iva"]
[Black "Vaclavkova, Klara"]
[Result "1/2-1/2"]
[ECO "C49"]
[WhiteElo "1488"]
[BlackElo "1486"]
[Annotator "NA RC"]
[PlyCount "74"]
[EventDate "2024.03.10"]
[EventType "swiss"]
[EventCountry "CZE"]
[SourceTitle "playchess.com"]
[Source "ChessBase"]
[SourceQuality "1"]
[TimeControl "40/5400+30:1800+30"]

1. e4 e5 2. Nf3 Nc6 3. Nc3 Nf6 4. Bb5 Bb4 5. d3 d6 6. Bg5 Bg4 7. O-O Bxc3 8. bxc3 O-O 9. Re1 a6 10. Bc4 Qe7 11. d4 Na5 12. Bb3 exd4 13. cxd4 Nxb3 14. cxb3 h6 15. Bh4 g5 16. Bg3 Nxe4 17. Qd3 Rfe8 18. h4 f6 19. Nh2 Bf5 20. Qc4+ Qf7 21. Qxf7+ Kxf7 22. Nf1 Re7 23. hxg5 hxg5 24. f3 Nxg3 25. Nxg3 Be6 26. Ne4 Rae8 27. Kf2 Bd5 28. Nc3 Bc6 29. a4 b5 30. axb5 Rxe1 31. Rxe1 Rxe1 32. Kxe1 axb5 33. b4 Ke6 34. Kf2 Bd5 35. Nxb5 Kd7 36. Kg3 c6 37. Nc3 Be6 1/2-1/2

[Event "Czech Youth U14 Girls 2024"]
[Site "Kouty nad Desnou"]
[Date "2024.03.16"]
[Round "9.13"]
[White "Pruskova, Justyna"]
[Black "Myronova, Sofia"]
[Result "0-1"]
[ECO "B23"]
[WhiteElo "1471"]
[BlackElo "1456"]
[Annotator "NA RC"]
[PlyCount "110"]
[EventDate "2024.03.10"]
[EventType "swiss"]
[EventCountry "CZE"]
[SourceTitle "playchess.com"]
[Source "ChessBase"]
[SourceQuality "1"]
[TimeControl "40/5400+30:1800+30"]

1. e4 c5 2. Nc3 Nc6 3. f4 d6 4. d3 g6 5. g3 Nf6 6. Nf3 Bg7 7. Bg2 a6 8. a3 b6 9. O-O Bb7 10. Bd2 O-O 11. h3 e6 12. g4 Qd7 13. g5 Ne8 14. Qe1 Nd4 15. Nxd4 Bxd4+ 16. Kh1 Ng7 17. Qh4 f5 18. Rab1 b5 19. Rfe1 Rfe8 20. Ne2 Rac8 21. c3 Be5 22. fxe5 dxe5 23. Nc1 c4 24. Qf2 Ra8 25. d4 Rf8 26. dxe5 fxe4 27. Qd4 Qxd4 28. cxd4 Nh5 29. Kh2 Rf7 30. Rf1 Rxf1 31. Bxf1 Rf8 32. Bg2 Rf2 33. Be3 Rc2 34. h4 c3 35. Nd3 exd3 36. Rg1 Bxg2 37. bxc3 Bd5+ 38. Kh3 Rxc3 39. Kg4 Ng7 40. Bd2 Rc4 41. Be3 Nf5 42. Bf2 Nxd4 43. Bxd4 Rxd4+ 44. Kh3 d2 45. Kg3 d1=Q 46. Rxd1 Rxd1 47. Kf2 Ra1 48. Ke3 Rxa3+ 49. Kf2 b4 50. Ke2 b3 51. Kd2 Ra2+ 52. Kc1 Rh2 53. Kb1 Be4+ 54. Kc1 b2+ 55. Kd1 b1=Q# 0-1